 Dungeon Crawl Stone Soup version 0.26-a0-146-g24f6d3962c (webtiles) character file.

Game seed: 7632861403388023104

12 Flugslaktarn the Sneak (level 2, 0/17 HPs)
             Began as an Octopode Wizard on June 29, 2020.
             Slain by a goblin (2 damage)
             ... led by Robin
             ... on level 2 of the Dungeon.
             The game lasted 00:00:49 (79 turns).

Flugslaktarn the Sneak (Octopode Wizard)              Turns: 79, Time: 00:00:50

Health: 0/17       AC:  1    Str:  6    XL:     2   Next: 33%
Magic:  4/6        EV: 13    Int: 20    God:
Gold:   13         SH:  0    Dex: 10    Spells: 4/7 levels left

rFire    . . .     SeeInvis .   (no weapon)
rCold    . . .     Faith    .   (no shield)
rNeg     . . .     Spirit   .   a - +0 hat
rPois    .         Reflect  .   (no amulet)
rElec    .         Harm     .   (no ring)
rCorr    .                      (no ring)
MR       .....                  (no ring)
Stlth    +++.......             (no ring)
HPRegen  0.05/turn              (no ring)
MPRegen  0.10/turn              (no ring)
                                (no ring)
                                (no ring)

@: no status effects
A: almost no armour, stealthy swim, amphibious, 8 rings, constrict 8, camouflage
1, gelatinous body 1
a: no special abilities


You were on level 2 of the Dungeon.
You were not hungry.

You visited 1 branch of the dungeon, and saw 2 of its levels.

You collected 13 gold pieces.

Inventory:

Armour
 a - a +0 hat (worn)
Scrolls
 e - a scroll of amnesia {unknown}
 f - a scroll of fog {unknown}
Potions
 b - a potion of might {unknown}
 d - a potion of curing {unknown}
Comestibles
 c - a ration


   Skills:
 - Level 2.0 Dodging
 - Level 4.0 Stealth
 + Level 3.1 Spellcasting
 - Level 1.0 Conjurations
 + Level 1.0 Summonings
   Level 1.0 Translocations


You had 4 spell levels left.
You knew the following spells:

 Your Spells              Type           Power        Failure   Level  Hunger
a - Magic Dart            Conj           #...         10%         1    None
b - Call Imp              Summ           #.......     14%         2    ##.....

Your spell library contained the following spells:

 Spells                   Type           Power        Failure   Level  Hunger
 Blink                    Tloc           N/A          14%         2    ##.....
 Slow                     Hex            #.......     22%         2    ##.....
 Conjure Flame            Conj/Fire      #.......     34%         3    ###....
 Mephitic Cloud           Conj/Pois/Air  #.......     36%         3    ###....


Dungeon Overview and Level Annotations

Branches:
Dungeon (2/15)

Altars:

Annotations:
D:2 Robin


Innate Abilities, Weirdness & Mutations

You cannot wear most types of armour.
You are very stealthy in the water. (Stealth+)
You are amphibious.
You can wear up to eight rings at the same time.
You can use your tentacles to constrict eight enemies at once.
Your skin changes colour to match your surroundings (Stealth+).
Your rubbery body absorbs attacks. (AC +1, EV +1)


Message History

You constrict the adder, but do no damage.
The adder barely misses you.
Unknown command.
Casting: Magic Dart (safe; 10% risk of failure)
Confirm with . or Enter, or press ? or * to list all spells.
Aiming: Magic Dart (safe; 10% risk of failure)
Press: ? - help, Shift-Dir - straight line, f/p - adder
Aim: an adder (moderately wounded, constricted by you)
The magic dart hits the adder.
The adder is severely wounded.
You constrict the adder.
You feel sick. The adder closely misses you.
Unknown command.
You tentacle-slap the adder but do no damage.
The adder is almost dead.
You constrict the adder.
You kill the adder!
Training target 4.0 for Stealth reached!
Your Stealth skill increases to level 4!
You need to enable at least one skill for training.
You have reached level 2!
The worm closely misses you.
Unknown command.
You see here 13 gold pieces.
You now have 13 gold pieces.
You feel sick.
You feel sick.
You see here a scroll labeled NITODODEIPH.
e - a scroll labeled NITODODEIPH You feel sick.
You are no longer poisoned.
f - a scroll labeled SOETYUTTAS
There are no items here.
There is a stone staircase leading up here.
Memorise Call Imp, consuming 2 spell levels and leaving 4?
You start memorising the spell.
You continue memorising. x2
You finish memorising.
Spell assigned to 'b'.
Unknown command.
A goblin, 2 hobgoblins and Robin come into view.
The hobgoblin shouts! x2; Robin shouts!
You hear a shout! x4
A goblin comes into view. It is wielding a +0 dagger.
Robin throws the goblin at you!
* * * LOW HITPOINT WARNING * * *
A goblin comes into view.
The goblin hits you.
* * * LOW HITPOINT WARNING * * *
The goblin shouts! x2; You hear a shout!
Unknown command.
There is a stone staircase leading up here.
The goblin hits you.
You die...

##########.##
#........>..#
##.########..#
##...##.......#
##.....#.#####.#
##........# #.#
#.........### #w#
#...........# #.#
#....@....#.# #.#
##..gg......###.######
##...................
#####......#.##########.
#............#
#.#g#######..# #. #..#
#. #..# #g .#...


You could see a hobgoblin and 2 goblins.

Vanquished Creatures
  An adder (D:2)
  A dart slug (D:2)
2 creatures vanquished.

Notes
Turn   | Place    | Note
-------+----------+-------------------------------------------
     0 | D:1      | Flugslaktarn the Octopode Wizard began the quest for the
                  | Orb.
     0 | D:1      | Reached XP level 1. HP: 11/11 MP: 4/4
    14 | D:2      | Reached skill level 3 in Stealth
    45 | D:2      | Reached skill level 4 in Stealth
    45 | D:2      | Reached XP level 2. HP: 8/17 MP: 1/6
    71 | D:2      | Learned a level 2 spell: Call Imp
    74 | D:2      | Noticed Robin
    79 | D:2      | Slain by a goblin

Illustrated notes

Levels and vault maps discovered:
D:1:      onia_arrival_handbag, layout_basic
D:2:      layout_loops_ring, regret_index_temple_of_mockery, serial_aquarium,
          aquarium_bridge_square [aquarium_subvault_balcony,
          aquarium_subvault_window, aquarium_subvault_wall,
          aquarium_subvault_bridge], aquarium_window_corner, aquarium_window_2,
          aquarium_view_2e, aquarium_pool_S, first_ration, uniq_robin

Skill      XL: |  1 |
---------------+----+-----
Stealth        | 4 |  4.0
Dodging        | |  2.0
Spellcasting   | |  3.1
Conjurations   | |  1.0
Summonings     | |  1.0
Translocations | |  1.0

Action                   || total
-------------------------++-------
Melee: Unarmed           ||     7
       Constrict         ||     1
 Cast: Magic Dart        ||     6
 Stab: Sleeping          ||     1
Dodge: Dodged            ||    12

Table legend:
 A = Non-vault XP
 B = Vault XP
 C = Vault XP percentage of total XP
 D = Non-vault monster count
 E = Vault monster count
 F = Vault count percentage of total count
                 A         B        C        D         E       F
            +---------+---------+-------+---------+---------+-------
      Total |      18 |       0 |   0.0 |       2 |       0 |   0.0
            +---------+---------+-------+---------+---------+-------
        D:2 |      18 |       0 |   0.0 |       2 |       0 |   0.0
            +---------+---------+-------+---------+---------+-------
